[Event "Team 45 45 League T59"]
[Site "Internet Chess Club"]
[Date "2013.11.28"]
[Round "2"]
[White "pauliewoll"]
[Black "dabodhi"]
[Result "1-0"]
[WhiteElo "1619"]
[BlackElo "1389"]
[Opening "French: Tarrasch, open variation"]
[ECO "C07"]
[Time "16:03:51"]
[TimeControl "2700+45"]

1. e4 e6 2. d4 d5 3. Nd2 c5 4. exd5 Qxd5 5. Ngf3 cxd4 6. Bc4 Qd6 7. O-O Nf6 8.
Nb3 Nc6 9. Nbxd4 Nxd4 10. Qxd4 Qxd4 11. Nxd4 a6 12. Be2 e5 13. Nf3 Nd7 14. Be3
Be7 15. c4 O-O 16. Rfd1 f6 17. Rac1 Rd8 18. c5 Nb8 19. Bc4+ Kh8 20. b4 Nc6 21.
a3 Na7 22. Ne1 Bd7 23. Rd2 Bb5 24. Bd5 Bc6 25. Rcd1 Nb5 26. Bxc6 bxc6 27. Rxd8+
Rxd8 28. Rxd8+ Bxd8 29. Nc2 g5 30. Bd2 Kg7 31. a4 Nd4 32. Ne3 Kg6 33. Kf1 h5 34.
Bc3 Nf5 35. Nc4 Be7 36. Ke2 h4 37. Na5 Nd4+ 38. Bxd4 exd4 39. Kd3 f5 40. Nxc6
Bf6 41. b5 axb5 42. axb5 f4 43. b6 Kf5 44. b7 Be5 45. Nxe5 {Black resigns} 1-0

[Event "Team 45 45 League T59"]
[Site "Internet Chess Club"]
[Date "2013.12.03"]
[Round "2"]
[White "chess09"]
[Black "steadman"]
[Result "1/2-1/2"]
[WhiteElo "1993"]
[BlackElo "2145"]
[Opening "King's Indian: Sämisch, orthodox, 7.Nge2 c6"]
[ECO "E86"]
[Time "22:07:35"]
[TimeControl "2700+45"]

1. d4 Nf6 2. c4 g6 3. Nc3 Bg7 4. e4 d6 5. f3 O-O 6. Be3 e5 7. Nge2 c6 8. Qd2
Nbd7 9. O-O-O a6 10. d5 cxd5 11. Nxd5 Nxd5 12. Qxd5 Nb6 13. Bxb6 Qxb6 14. Qxd6
Qa5 15. Nc3 Be6 16. Be2 b5 17. Qa3 Qxa3 {Game drawn by mutual agreement} 1/2-1/2

[Event "Team 45 45 League T59"]
[Site "Internet Chess Club"]
[Date "2013.12.01"]
[Round "2"]
[White "CHENENE"]
[Black "CaoCao"]
[Result "1/2-1/2"]
[WhiteElo "1664"]
[BlackElo "1848"]
[Opening "Ruy Lopez: Schliemann defense, Berger variation"]
[ECO "C63"]
[Time "18:58:11"]
[TimeControl "2700+45"]

1. e4 e5 2. Nf3 Nc6 3. Bb5 f5 4. Nc3 fxe4 5. Nxe4 d5 6. Nxe5 dxe4 7. Nxc6 Qg5 8.
Qe2 Nf6 9. f4 Qxf4 10. Nxa7+ Bd7 11. d4 Qh4+ 12. g3 Qh3 13. Bxd7+ Qxd7 14. Nb5
c6 15. Nc3 Qxd4 16. Qe3 Bc5 17. Qxd4 Bxd4 18. Ke2 O-O 19. Rf1 Bxc3 20. bxc3 Rfe8
21. a4 Nd5 22. Bd2 e3 23. Be1 Re4 24. a5 b5 25. Kd3 Re7 26. Rf3 Rd8 27. Ke2 Ra8
28. h3 g5 29. c4 bxc4 30. Rf5 h6 31. Ra4 Re4 32. Kf3 Rd4 33. Ke2 Re4 34. Kf3 Rd4
35. Ke2 Re4 36. Kf3 {Game drawn by repetition} 1/2-1/2

[Event "Team 45 45 League T59"]
[Site "Internet Chess Club"]
[Date "2013.12.01"]
[Round "2"]
[White "LittleButton"]
[Black "Baseta"]
[Result "0-1"]
[WhiteElo "1852"]
[BlackElo "1825"]
[Opening "French: Winawer, Alekhine (Maróczy) gambit"]
[ECO "C15"]
[Time "06:01:06"]
[TimeControl "2700+45"]

1. e4 e6 2. d4 d5 3. Nc3 Bb4 4. Ne2 dxe4 5. a3 Be7 6. Nxe4 Nf6 7. N2g3 Nbd7 8.
Bd3 c5 9. dxc5 Nxc5 10. Nxc5 Bxc5 11. O-O O-O 12. b4 Bd4 13. Rb1 e5 14. c4 Ng4
15. Qc2 Qh4 16. h3 Nxf2 17. Kh2 Nxh3 18. Nf5 Bxf5 19. Bxf5 Nf4+ 20. Bh3 Nxh3 21.
gxh3 f5 22. Rxf5 Rxf5 23. Qxf5 Rf8 24. Bg5 Rxf5 25. Bxh4 Rf3 26. a4 Rc3 27. c5
Ra3 28. a5 a6 29. Rf1 Rb3 30. Be7 h6 31. Rf8+ Kh7 32. Ra8 Rxb4 33. c6 Rb2+ 34.
Kg3 bxc6 35. Rxa6 c5 36. Rc6 Ra2 37. Bxc5 Rc2 38. Bxd4 Rxc6 39. Bxe5 Rc5 {White
resigns} 0-1

[Event "Team 45 45 League T59"]
[Site "Internet Chess Club"]
[Date "2013.11.29"]
[Round "2"]
[White "frank001"]
[Black "zigzag2002"]
[Result "0-1"]
[WhiteElo "1778"]
[BlackElo "2035"]
[Opening "Sicilian: Canal-Sokolsky (Nimzovich-Rossolimo, Moscow) attack"]
[ECO "B51"]
[Time "16:00:52"]
[TimeControl "2700+45"]

1. e4 c5 2. Nf3 d6 3. Bb5+ Nd7 4. d4 cxd4 5. Qxd4 a6 6. Bxd7+ Bxd7 7. O-O e5 8.
Qd3 Rc8 9. c4 Qc7 10. b3 b5 11. Nbd2 Nf6 12. Ba3 Be7 13. Rfd1 Bc6 14. Rac1 O-O
15. cxb5 axb5 16. Nh4 Rfd8 17. Nf5 Bf8 18. Qg3 Qb7 19. f3 g6 20. Kh1 Nh5 21. Qg5
f6 22. Nh6+ Kh8 23. Qe3 Bxh6 24. Qxh6 Nf4 25. Nb1 Ne2 26. Rc2 Nd4 27. Rcd2 d5
28. exd5 Bxd5 29. f4 Bxg2+ 30. Rxg2 Nf5 {White resigns} 0-1

[Event "Team 45 45 League T59"]
[Site "Internet Chess Club"]
[Date "2013.12.01"]
[Round "2"]
[White "Jack-ONeill"]
[Black "Froggy"]
[Result "1/2-1/2"]
[WhiteElo "2083"]
[BlackElo "2049"]
[Opening "French: Winawer, advance, positional main line"]
[ECO "C19"]
[Time "04:02:18"]
[TimeControl "2700+45"]

1. e4 e6 2. d4 d5 3. Nc3 Bb4 4. e5 c5 5. a3 Bxc3+ 6. bxc3 Ne7 7. Nf3 Bd7 8. a4
Qa5 9. Bd2 Nbc6 10. Bb5 a6 11. Bxc6 Nxc6 12. O-O Qc7 13. Re1 h6 14. Bc1 Na5 15.
Ba3 Bxa4 16. Bxc5 Bb5 17. Nd2 b6 18. Bb4 Nb7 19. Qg4 Rg8 20. Re3 O-O-O 21. Qh4
a5 22. Ba3 Rd7 23. Qg4 Qc6 24. Rb1 Ba4 25. Rb2 Kb8 26. Rh3 Ka7 27. Qg3 Qc8 28.
Qf4 b5 29. Qe3 Nd8 30. Bc5+ Ka6 31. Qd3 Qc6 32. Qh7 Re8 33. Qxg7 Nb7 34. Ba3 f5
35. Qg6 Rh8 36. Rxh6 Rxh6 37. Qxh6 Rc7 38. Nb1 Qe8 39. Qf8 Qh5 40. f3 Rh7 41.
Qa8+ Kb6 42. h3 Qg5 43. Bc5+ Kc7 44. Bd6+ Kb6 45. Bc5+ Nxc5 46. dxc5+ Kxc5 47.
Qc8+ Kb6 48. Qxe6+ Ka7 49. Qxd5 Qc1+ 50. Kh2 Qxb2 51. Qc5+ Kb7 52. Qd5+ Ka7 53.
Qc5+ Kb8 54. Qb6+ Kc8 55. Qc6+ Kd8 56. Qa8+ Ke7 57. Qb7+ Ke6 58. Qxh7 Qxb1 59.
Qg7 Qxc2 60. Qf6+ Kd5 61. e6 b4 62. Qd4+ Kxe6 63. cxb4 axb4 64. Qxb4 Bc6 65. Qf4
Qe2 66. Qh6+ Kd5 67. Qf4 Qe5 68. Qxe5+ Kxe5 69. f4+ Kxf4 70. g4 fxg4 71. hxg4
Kxg4 {Game drawn because neither player has mating material} 1/2-1/2

[Event "Team 45 45 League T59"]
[Site "Internet Chess Club"]
[Date "2013.12.01"]
[Round "2"]
[White "CogitoErgoSum"]
[Black "Ptzz"]
[Result "0-1"]
[WhiteElo "1832"]
[BlackElo "2091"]
[Opening "Caro-Kann: Panov-Botvinnik, normal variation"]
[ECO "B13"]
[Time "11:42:31"]
[TimeControl "2700+45"]

1. e4 c6 2. d4 d5 3. exd5 cxd5 4. c4 Nf6 5. Nc3 Nc6 6. Bg5 e6 7. Nf3 Be7 8. c5
O-O 9. Bb5 Ne4 10. Bxe7 Nxe7 11. Rc1 Bd7 12. Bd3 f5 13. O-O Be8 14. Ne5 Ng6 15.
Nxg6 Bxg6 16. Re1 Qh4 17. g3 Qh6 18. f3 Bh5 19. Bf1 Nd2 20. Bg2 Nc4 21. Qe2 Rae8
22. b3 Na5 23. Qb5 Nc6 24. Rcd1 f4 25. g4 Bxg4 26. fxg4 f3 27. Bxf3 Rxf3 28.
Nxd5 Ref8 29. Re2 exd5 30. Qxb7 Qf6 31. Qd7 Rf1+ {White resigns} 0-1

[Event "Team 45 45 League T59"]
[Site "Internet Chess Club"]
[Date "2013.11.28"]
[Round "2"]
[White "Holgate"]
[Black "Goli"]
[Result "1/2-1/2"]
[WhiteElo "1993"]
[BlackElo "1786"]
[Opening "Pirc: Austrian attack, 6.Bd3"]
[ECO "B06"]
[Time "15:00:30"]
[TimeControl "2700+45"]

1. e4 g6 2. d4 Bg7 3. Nc3 d6 4. f4 Nf6 5. Nf3 O-O 6. Bd3 c5 7. dxc5 dxc5 8. e5
Nd5 9. Nxd5 Qxd5 10. Qe2 Bg4 11. Be4 Qd7 12. Be3 Qc7 13. Qb5 Nd7 14. Qxb7 Qxb7
15. Bxb7 Rab8 16. Bd5 Bxf3 17. gxf3 Nb6 18. Be4 Nc4 19. Bxc5 Rxb2 20. Bd3 Rc8
21. Bd4 Rb7 22. Ke2 Bh6 23. f5 Na3 24. fxg6 hxg6 25. e6 Nxc2 26. exf7+ Kxf7 27.
Be5 Nxa1 28. Rxa1 Rc1 29. Rxc1 Bxc1 30. Be4 Rd7 31. Bc3 Bf4 32. h3 Rc7 33. Bd4
e5 34. Bf2 Rd7 35. Be1 Kf6 36. Bh4+ g5 37. Be1 Rd8 38. h4 gxh4 39. Bxh4+ Bg5 40.
Be1 Ke6 41. a4 Rd4 42. a5 Ra4 43. Bb7 Ra2+ 44. Kd3 Ra3+ 45. Kc4 Be3 46. Bb4 Ra1
47. Bd5+ Kd7 48. Bc3 Rc1 49. Kb3 Bd4 50. Bb4 Kc7 51. a6 Kb6 52. Bb7 Kb5 53. Bd2
Rc7 54. Be1 Rc1 55. Bd2 Rc7 56. Be1 Rc1 57. Bd2 Rc7 {Game drawn by repetition}
1/2-1/2

[Event "Team 45 45 League T59"]
[Site "Internet Chess Club"]
[Date "2013.11.30"]
[Round "2"]
[White "Inquisiteur"]
[Black "pishd"]
[Result "1-0"]
[WhiteElo "1640"]
[BlackElo "1755"]
[Opening "Caro-Kann: Tartakower (fantasy) variation"]
[ECO "B12"]
[Time "11:12:56"]
[TimeControl "2700+45"]

1. e4 c6 2. d4 d5 3. f3 g6 4. e5 Bg7 5. Bd3 Na6 6. Ne2 Nb4 7. O-O Nxd3 8. Qxd3
Bf5 9. Qb3 Qb6 10. Qxb6 axb6 11. c3 Bd3 12. Re1 Bxb1 13. Rxb1 Rxa2 14. Nf4 e6
15. Be3 Ne7 16. g4 Kd7 17. Nd3 h5 18. Kg2 Rh7 19. Ra1 Rxa1 20. Rxa1 hxg4 21.
fxg4 Rh8 22. Bg5 Nc8 23. Kg3 Bf8 24. Bf6 Rh7 25. h4 Be7 26. g5 Bxf6 27. exf6 Nd6
28. Ne5+ Kc7 29. Ra8 Nc4 30. Nxc4 dxc4 31. Re8 b5 32. Kg4 b6 33. Rg8 Kd6 34. Rg7
Rh8 35. Rxf7 e5 36. dxe5+ Kxe5 37. Rg7 b4 38. Rxg6 bxc3 39. bxc3 Ke6 40. Rg7 b5
41. Re7+ Kd6 42. g6 b4 43. cxb4 c3 44. Re3 c2 45. Rc3 Ke5 46. f7 Kf6 47. Rxc6+
Kg7 48. h5 Rb8 49. Rxc2 Rxb4+ 50. Kg3 Rb3+ 51. Kf4 Rb4+ 52. Ke3 Rb3+ 53. Ke2 Rb8
54. Rc5 Rb2+ 55. Ke3 Rb3+ 56. Kf4 Rb4+ 57. Kg5 Rb8 58. h6+ Kh8 59. g7+ Kh7 60.
g8=Q+ Rxg8+ 61. fxg8=Q+ Kxg8 62. Kg6 {Black resigns} 1-0

[Event "Team 45 45 League T59"]
[Site "Internet Chess Club"]
[Date "2013.12.02"]
[Round "2"]
[White "Portola"]
[Black "MBAStudent"]
[Result "1/2-1/2"]
[WhiteElo "1792"]
[BlackElo "1688"]
[Opening "Queen's pawn: London system"]
[ECO "A45"]
[Time "19:38:30"]
[TimeControl "2700+45"]

1. d4 Nf6 2. Bf4 g6 3. h3 Bg7 4. e3 c5 5. c3 Qb6 6. Qb3 d6 7. Nd2 O-O 8. Ngf3
Qc7 9. Bc4 a6 10. a4 Nc6 11. Qc2 Na5 12. Bd3 c4 13. Be2 Qc6 14. e4 Nb3 15. Nxb3
cxb3 16. Qxb3 Qxe4 17. Bd2 Be6 18. Qd1 Bc4 19. Be3 Qc6 20. O-O Rac8 21. Bxc4
Qxc4 22. Re1 Nd5 23. Bd2 e6 24. Qb1 Nf6 25. Be3 d5 26. Bf4 Nd7 27. Qd1 Nf6 28.
Nd2 Qc6 29. Qb3 Nd7 30. a5 Nb8 {Game drawn by mutual agreement} 1/2-1/2

[Event "Team 45 45 League T59"]
[Site "Internet Chess Club"]
[Date "2013.11.30"]
[Round "2"]
[White "toukon"]
[Black "evan7284"]
[Result "1-0"]
[WhiteElo "1717"]
[BlackElo "1695"]
[Opening "QGD: 3.Nc3"]
[ECO "D31"]
[Time "09:00:43"]
[TimeControl "2700+45"]

1. d4 d5 2. c4 e6 3. Nc3 f5 4. Bf4 c6 5. e3 Nf6 6. Nf3 Bd6 7. Bd3 O-O 8. O-O Ne4
9. Qc2 Qe7 10. Bxd6 Qxd6 11. Ne5 Nd7 12. f4 Rf6 13. Rad1 Rh6 14. Qb3 Nxe5 15.
fxe5 Qe7 16. Bxe4 fxe4 17. g3 Kh8 18. Rd2 Rh5 19. Rdf2 Rf5 20. Rxf5 exf5 21.
cxd5 cxd5 22. Qxd5 Be6 23. Qa5 Qg5 24. Re1 Rf8 25. Qc5 Kg8 26. d5 Bc8 27. e6 h5
28. Qd6 h4 29. Qf4 Qe7 30. Qxh4 Qxh4 31. gxh4 Rd8 32. e7 Re8 33. d6 Bd7 34. Rd1
Kf7 35. Nd5 Ke6 36. Nc7+ {Black resigns} 1-0

[Event "Team 45 45 League T59"]
[Site "Internet Chess Club"]
[Date "2013.11.29"]
[Round "2"]
[White "Visin"]
[Black "JohLeb"]
[Result "1/2-1/2"]
[WhiteElo "1337"]
[BlackElo "1402"]
[Opening "Sicilian"]
[ECO "B56"]
[Time "13:00:13"]
[TimeControl "2700+45"]

1. e4 c5 2. Nf3 d6 3. d4 cxd4 4. Nxd4 Nf6 5. Nc3 Nc6 6. Nxc6 bxc6 7. Be3 e5 8.
Bc4 Be7 9. O-O O-O 10. h3 Be6 11. Bb3 Qc7 12. Qe2 Rad8 13. Rfd1 d5 14. exd5 Nxd5
15. Nxd5 Bxd5 16. Rac1 Bxb3 17. cxb3 Rd7 18. Rxd7 Qxd7 19. Rd1 Qc7 20. Qa6 h6
21. a3 c5 22. Qc4 Rc8 23. Rc1 a5 24. b4 axb4 25. axb4 Rb8 26. Bxc5 Bxc5 27. Qxc5
Qxc5 28. bxc5 Rxb2 29. c6 Rb8 30. Kf1 Kf8 31. Ke2 Ke7 32. Ke3 Kd6 33. c7 Rc8 34.
Ke4 g6 35. h4 f6 36. g4 Rxc7 37. Rxc7 Kxc7 38. g5 hxg5 39. hxg5 Kd6 40. gxf6 Ke6
41. f7 Kxf7 42. Kxe5 Ke7 43. f3 Kf7 44. f4 Ke7 45. f5 gxf5 46. Kxf5 {Game drawn
because neither player has mating material} 1/2-1/2

[Event "Team 45 45 League T59"]
[Site "Internet Chess Club"]
[Date "2013.11.30"]
[Round "2"]
[White "latayvia"]
[Black "zap2"]
[Result "1/2-1/2"]
[WhiteElo "1649"]
[BlackElo "1749"]
[Opening "Pirc defense"]
[ECO "B07"]
[Time "12:02:08"]
[TimeControl "2700+45"]

1. d4 d6 2. e4 Nf6 3. f3 g6 4. Be3 Bg7 5. Nc3 O-O 6. Qd2 e5 7. Nge2 Nbd7 8.
O-O-O a5 9. h4 h5 10. Bg5 a4 11. g4 a3 12. b3 exd4 13. Nxd4 Ne5 14. Qf4 c6 15.
Bxf6 Qxf6 16. Qxf6 Bxf6 17. gxh5 gxh5 18. Bh3 Ng6 19. Bxc8 Rfxc8 20. Nce2 Be5
21. Rdg1 Kh7 22. Rg5 Nf4 23. Kb1 Rg8 24. c3 Rg6 25. Nxf4 Rxg5 26. hxg5 Bxf4 27.
Ne2 Bxg5 28. Rxh5+ Kg6 29. Rh1 f5 30. Nd4 fxe4 31. fxe4 Re8 32. Rg1 Kh5 33. Nf5
Rd8 34. Ng7+ Kh6 35. Rxg5 Rg8 36. Rh5+ Kxg7 37. Rg5+ Kf7 38. Rxg8 Kxg8 39. Kc2
Kf7 40. Kd3 Ke6 41. b4 Ke5 42. c4 b6 43. Ke3 b5 44. cxb5 cxb5 45. Kd3 d5 46.
exd5 Kxd5 47. Kc3 Ke4 48. Kb3 Kd4 49. Kxa3 Kc4 50. Kb2 Kxb4 51. a3+ Kc4 52. Kc2
b4 53. a4 b3+ 54. Kb2 Kb4 55. a5 Kxa5 56. Kxb3 {Game drawn because neither
player has mating material} 1/2-1/2

[Event "Team 45 45 League T59"]
[Site "Internet Chess Club"]
[Date "2013.11.27"]
[Round "2"]
[White "ScotchYeti"]
[Black "misuc56"]
[Result "0-1"]
[WhiteElo "1672"]
[BlackElo "1896"]
[Opening "Sicilian"]
[ECO "B54"]
[Time "15:30:35"]
[TimeControl "2700+45"]

1. e4 c5 2. Nf3 d6 3. d4 cxd4 4. Nxd4 Nc6 5. Be3 g6 6. c4 Bg7 7. Nc3 Bd7 8. Be2
a6 9. Qd2 h5 10. O-O Nf6 11. f3 Rb8 12. Kh1 Ne5 13. Rac1 h4 14. b4 Nh5 15. Rg1
Ng3+ 16. hxg3 hxg3+ {White resigns} 0-1

[Event "Team 45 45 League T59"]
[Site "Internet Chess Club"]
[Date "2013.11.29"]
[Round "2"]
[White "WOLFSPELZ"]
[Black "cepheid"]
[Result "0-1"]
[WhiteElo "1510"]
[BlackElo "1618"]
[Opening "Queen's pawn: London system"]
[ECO "A45"]
[Time "11:00:45"]
[TimeControl "2700+45"]

1. d4 Nf6 2. Bf4 e6 3. Nf3 c5 4. e3 Qb6 5. Qc1 cxd4 6. exd4 Nc6 7. c3 Ne7 8. h3
Ned5 9. Bh2 Bd6 10. Bxd6 Qxd6 11. Nbd2 O-O 12. Nc4 Qc7 13. Nce5 d6 14. Nd3 Re8
15. Be2 b6 16. O-O Ba6 17. Re1 Rac8 18. Bf1 Ne7 19. Nd2 Ng6 20. Qc2 Bb7 21. Rac1
Rcd8 22. Nb4 e5 23. dxe5 dxe5 24. Na6 Qc6 25. Nb4 Qc7 26. Re3 Qd7 27. Nf3 Qd6
28. Rce1 a5 29. Na6 Ra8 30. Rd1 Qc6 31. Bb5 Qxb5 32. Nc7 Qc5 33. Nxa8 Bxa8 34.
Qa4 Bc6 35. Qc2 Nd5 36. Ree1 f6 37. Nd4 exd4 38. Rxe8+ Bxe8 39. Rxd4 Nge7 40.
Qd2 b5 41. a3 Bf7 42. Qe1 g6 43. Qd2 Kg7 44. h4 Nf5 45. Rg4 h5 46. Re4 Ng3 47.
Re1 Nf5 48. Re4 Qd6 49. Qd3 Nc7 50. Qc2 Bd5 51. Re2 Nxh4 52. Rd2 Qc5 53. Rd4 Nf5
54. Qd2 Nxd4 55. cxd4 Qb6 56. Qe3 Ne6 {White resigns} 0-1

[Event "Team 45 45 League T59"]
[Site "Internet Chess Club"]
[Date "2013.12.01"]
[Round "2"]
[White "Gilguli"]
[Black "lemanofzorn"]
[Result "0-1"]
[WhiteElo "1399"]
[BlackElo "1620"]
[Opening "QGD"]
[ECO "D52"]
[Time "15:01:47"]
[TimeControl "2700+45"]

1. d4 d5 2. Nf3 Nf6 3. c4 c6 4. Nc3 e6 5. Bg5 Nbd7 6. e3 Be7 7. Be2 dxc4 8. Bxc4
O-O 9. e4 Qa5 10. O-O h6 11. Bd2 Qh5 12. e5 Nd5 13. Nxd5 exd5 14. Bd3 Nb6 15.
Re1 Bg4 16. Be2 f6 17. exf6 Rxf6 18. Ne5 Bxe2 19. Rxe2 Bd6 20. Ng4 Kh8 21. h3
Rg6 22. f3 Nc4 23. Bc1 Qh4 24. Qe1 Bg3 25. Re8+ Kh7 26. Qe2 Rxe8 27. Qxe8 h5 28.
Ne5 Qxd4+ 29. Kh1 Qd1# {White checkmated} 0-1

[Event "Team 45 45 League T59"]
[Site "Internet Chess Club"]
[Date "2013.12.04"]
[Round "2"]
[White "Electryon"]
[Black "calsal"]
[Result "1-0"]
[WhiteElo "1575"]
[BlackElo "1675"]
[Opening "King's pawn game"]
[ECO "C44"]
[Time "20:18:46"]
[TimeControl "2700+45"]

1. e4 e5 2. Nf3 Nc6 3. d3 Bc5 4. g3 d6 5. Bg2 Bg4 6. Nbd2 Qd7 7. h3 Be6 8. c3 h6
9. Nb3 Nf6 10. Qe2 Bb6 11. d4 Bxb3 12. dxe5 dxe5 13. axb3 Rd8 14. O-O O-O 15.
Be3 Qe6 16. Bxb6 axb6 17. b4 Ra8 18. Nh4 Ra2 19. Rxa2 Qxa2 20. Rd1 Ra8 21. Nf5
Qb3 22. Rd2 Na7 23. Ne7+ Kh7 24. Nd5 Ne8 25. Qh5 Nb5 26. Qf5+ Kh8 27. Qxf7 Ned6
28. Qd7 Nc4 29. Rd3 Nxb2 30. Rf3 Qd1+ 31. Kh2 c6 32. Qxb7 cxd5 33. Qxa8+ Kh7 34.
Qxd5 Qxd5 35. exd5 Nd6 36. Re3 Nbc4 37. Re2 b5 38. Be4+ Kg8 39. Bd3 Kf7 40. Bxc4
Nxc4 41. g4 Kf6 42. Kg3 g5 43. Kf3 Ke7 44. Ra2 Nd6 45. Ra7+ Kf6 46. Rd7 e4+ 47.
Ke3 Ke5 48. Rxd6 Kxd6 49. Kxe4 Kd7 50. Kd4 Kd6 51. c4 {Black resigns} 1-0

[Event "Team 45 45 League T59"]
[Site "Internet Chess Club"]
[Date "2013.12.01"]
[Round "2"]
[White "jjaillet2007"]
[Black "seattleblues"]
[Result "0-1"]
[WhiteElo "1404"]
[BlackElo "1561"]
[Opening "Nimzo-Indian: Sämisch variation"]
[ECO "E24"]
[Time "18:30:23"]
[TimeControl "2700+45"]

1. d4 Nf6 2. c4 e6 3. Nc3 Bb4 4. a3 Bxc3+ 5. bxc3 Nc6 6. Bg5 h6 7. Bh4 b6 8. e3
Ba6 9. Nf3 Na5 10. c5 Bxf1 11. Rxf1 d6 12. cxd6 Qxd6 13. Bxf6 gxf6 14. Qa4+ Nc6
15. e4 O-O-O 16. Rd1 Kb8 17. e5 Qd5 18. c4 Qe4+ 19. Kd2 Nxd4 20. Nxd4 Rxd4+ 21.
Kc1 Rxc4+ 22. Qxc4 Qxc4+ 23. Kb1 Qb3+ 24. Kc1 Qxa3+ 25. Kd2 Rd8+ 26. Ke2 Qb2+
27. Ke1 Qxe5# {White checkmated} 0-1

[Event "Team 45 45 League T59"]
[Site "Internet Chess Club"]
[Date "2013.11.30"]
[Round "2"]
[White "akshayk06"]
[Black "stantheman59"]
[Result "1-0"]
[WhiteElo "1482"]
[BlackElo "1179"]
[Opening "Giuoco Pianissimo"]
[ECO "C55"]
[Time "12:01:52"]
[TimeControl "2700+45"]

1. e4 e5 2. Nf3 Nc6 3. Bc4 Nf6 4. d3 Bc5 5. Bg5 a6 6. Nc3 h6 7. Bh4 d6 8. h3 Be6
9. Nd5 Bxd5 10. Bxd5 g5 11. Bg3 Nxd5 12. exd5 Nb4 13. c4 a5 14. a3 Na6 15. O-O
Qe7 16. d4 Bb6 17. dxe5 O-O-O 18. exd6 cxd6 19. Nd4 Qd7 20. Nb5 Bc7 21. b4 f5
22. Nxc7 Kxc7 23. f3 h5 24. c5 Kb8 25. Bxd6+ Ka8 26. bxa5 g4 27. h4 Qf7 28. fxg4
hxg4 29. Qxg4 Rh5 30. Qf3 Rdh8 31. g3 Rg8 32. Rfe1 Rxh4 33. Re7 Qh5 34. Qxh5
Rxh5 35. Rb1 Rxg3+ 36. Bxg3 Nxc5 37. Re8+ Ka7 38. Bb8+ Ka6 39. Bc7 Ka7 40. Bb6+
{Black resigns} 1-0

[Event "Team 45 45 League T59"]
[Site "Internet Chess Club"]
[Date "2013.12.01"]
[Round "2"]
[White "wildangels"]
[Black "Conjurer"]
[Result "1-0"]
[WhiteElo "1166"]
[BlackElo "1352"]
[Opening "Réti: King's Indian attack"]
[ECO "A05"]
[Time "20:01:03"]
[TimeControl "2700+45"]

1. Nf3 Nf6 2. g3 g6 3. Bg2 Bg7 4. d3 c5 5. Nbd2 Nc6 6. O-O O-O 7. e4 d6 8. Re1
b5 9. c3 Ne5 10. d4 cxd4 11. Nxd4 Qb6 12. N2f3 Bg4 13. h3 Nxf3+ 14. Bxf3 Bxh3
15. Be3 d5 16. e5 Ne4 17. g4 Bxe5 18. Nb3 Qd6 19. Bc5 Bh2+ 20. Kh1 Nxf2+ 21.
Bxf2 Qf4 22. Rxe7 Rfe8 23. Qxd5 Rxe7 24. Qxa8+ Kg7 25. Bd4+ f6 26. Rd1 g5 27.
Bc5 Bg1 28. Rxg1 Qc7 29. Bd5 {Black resigns} 1-0

[Event "Team 45 45 League T59"]
[Site "Internet Chess Club"]
[Date "2013.12.02"]
[Round "2"]
[White "clarinetref"]
[Black "Zyme"]
[Result "1-0"]
[WhiteElo "1609"]
[BlackElo "1380"]
[Opening "French: exchange variation"]
[ECO "C01"]
[Time "22:02:36"]
[TimeControl "2700+45"]

1. e4 e6 2. d4 d5 3. exd5 exd5 4. Bd3 Nc6 5. Ne2 Bg4 6. c3 Nf6 7. Bf4 Be7 8. f3
Be6 9. Nd2 O-O 10. Qc2 Re8 11. O-O-O Qd7 12. g4 g6 13. h4 Bf8 14. h5 Re7 15.
Rdg1 Ne8 16. Nb3 b6 17. hxg6 fxg6 18. Rg3 Rf7 19. Rgh3 Nf6 20. Be5 Bxg4 21. fxg4
Qxg4 22. Bxg6 Qxg6 23. Rg3 Ng4 24. Qxg6+ hxg6 25. Rh8# {Black checkmated} 1-0

[Event "Team 45 45 League T59"]
[Site "Internet Chess Club"]
[Date "2013.12.03"]
[Round "2"]
[White "AlPearson"]
[Black "uzi"]
[Result "0-1"]
[WhiteElo "1372"]
[BlackElo "1113"]
[Opening "Queen's pawn: Englund gambit"]
[ECO "A40"]
[Time "08:06:00"]
[TimeControl "2700+45"]

1. d4 e5 2. dxe5 Nc6 3. Nf3 Qe7 4. Qd5 f6 5. exf6 Nxf6 6. Qb3 d5 7. Bg5 Bd7 8.
Nbd2 O-O-O 9. O-O-O h6 10. Bh4 g5 11. Bg3 Bg7 12. e3 Nh5 13. Be2 Nxg3 14. hxg3
d4 15. Rhe1 dxe3 16. fxe3 Rhe8 17. Bd3 Na5 18. Qd5 Qb4 19. Nb3 Nxb3+ 20. Qxb3
Qxb3 21. axb3 c5 22. Nd2 Bg4 23. Be2 Be6 24. Nc4 Rxd1+ 25. Bxd1 Bxc4 26. bxc4
Re4 27. b3 Bd4 28. Kd2 Bf6 29. Kd3 Re7 30. e4 Rd7+ 31. Ke2 Bc3 32. Rf1 Rd2+ 33.
Kf3 Kd7 34. Kg4 Ke7 35. Kh5 Rxg2 36. Kxh6 Rxg3 37. Rf5 Rg1 38. Be2 g4 39. Rg5
Bd2 40. Kh5 Rh1+ 41. Kxg4 Rg1+ 42. Kh5 Rxg5+ 43. Kh4 Kf6 44. Kh3 Ke5 45. Bd3 Be3
46. Kh4 Kf4 47. Kh3 Kf3 48. Kh4 Re5 49. c3 Bf2+ 50. Kh3 Rh5# {White checkmated}
0-1

[Event "Team 45 45 League T59"]
[Site "Internet Chess Club"]
[Date "2013.12.02"]
[Round "2"]
[White "PostMike"]
[Black "chuckh2"]
[Result "0-1"]
[WhiteElo "1384"]
[BlackElo "1395"]
[Opening "French: advance, Paulsen attack"]
[ECO "C02"]
[Time "14:30:26"]
[TimeControl "2700+45"]

1. e4 e6 2. d4 d5 3. e5 c5 4. c3 Nc6 5. Nf3 Qb6 6. Be2 cxd4 7. cxd4 Nge7 8. Na3
Nf5 9. Nc2 Bb4+ 10. Bd2 Bxd2+ 11. Qxd2 Qxb2 12. O-O O-O 13. Rfb1 Qxb1+ 14. Rxb1
a6 15. Bd3 Nfe7 16. Rb6 Nb8 17. a4 Bd7 18. Rxb7 Nec6 19. a5 Rc8 20. Na1 Nd8 21.
Nb3 Nxb7 {White resigns} 0-1

[Event "Team 45 45 League T59"]
[Site "Internet Chess Club"]
[Date "2013.12.01"]
[Round "2"]
[White "artspir"]
[Black "Fogbound"]
[Result "1-0"]
[WhiteElo "1258"]
[BlackElo "1355"]
[Opening "Queen's pawn"]
[ECO "A40"]
[Time "14:00:44"]
[TimeControl "2700+45"]

1. d4 e6 2. Nf3 f5 3. e3 Nf6 4. Bd3 b6 5. O-O Bb7 6. Nbd2 d5 7. Ne5 Bd6 8. c4
O-O 9. cxd5 Bxd5 10. f3 Bb7 11. Ndc4 Be7 12. Nd2 Nd5 13. Qe2 Nb4 14. Bc4 Nd5 15.
e4 Nf4 16. Qe3 Bg5 17. Qb3 Qxd4+ 18. Kh1 Qxe5 19. exf5 Bd5 20. fxe6 Bxc4 21.
Qxc4 Nxe6 22. Ne4 Kh8 23. Nxg5 b5 24. Qxe6 Qxe6 25. Nxe6 Rf7 26. Bd2 Nc6 27. Ng5
Rd7 28. Ne4 Ne5 29. Bc3 Nd3 30. Rad1 Re8 31. h4 Red8 32. Kh2 Kg8 33. f4 h6 34.
f5 Re8 35. Ng3 a5 36. f6 Rf8 37. Nh5 Rff7 38. fxg7 b4 39. Nf6+ Rxf6 40. Bxf6 c5
41. Rf3 c4 42. Re3 Rd8 43. Bxd8 Kxg7 44. Bxa5 Nf2 45. Rd7+ Kf6 46. Rf3+ Ke6 47.
Rg7 Ne4 48. Rg6+ Ke5 49. Bc7+ Kd4 50. Rf4 Ke3 51. Re6 c3 52. Rexe4+ Kd3 53. bxc3
bxc3 54. Rd4+ Kc2 55. Ba5 Kb1 56. Bxc3 Kxa2 57. Bb4 Kb2 58. Rf3 {Black resigns}
1-0

[Event "Team 45 45 League T59"]
[Site "Internet Chess Club"]
[Date "2013.11.28"]
[Round "2"]
[White "sdcohle"]
[Black "losscause"]
[Result "0-1"]
[WhiteElo "1471"]
[BlackElo "1613"]
[Opening "Queen's pawn game"]
[ECO "E00"]
[Time "22:00:17"]
[TimeControl "2700+45"]

1. d4 Nf6 2. c4 e6 3. e3 Bb4+ 4. Bd2 Bxd2+ 5. Nxd2 O-O 6. Ngf3 d5 7. Be2 c6 8.
O-O Re8 9. c5 Nbd7 10. b4 e5 11. dxe5 Nxe5 12. Nb3 Nxf3+ 13. Bxf3 Bf5 14. Nd4
Be4 15. Bxe4 Rxe4 16. a3 Qd7 17. h3 b6 18. Qf3 Re5 19. Rac1 b5 20. Qg3 Rae8 21.
Qf3 Rg5 22. Qe2 Qxh3 23. Qf3 Qd7 24. g3 Re4 25. Ne2 Rh4 26. Nf4 Nh5 27. Ng2 Rh3
28. Rcd1 Nf6 29. Rd4 Rh6 30. Rh4 Rxh4 31. Nxh4 Qh3 32. Qf4 h6 33. Rd1 Ne4 34.
Rd4 Rg4 35. Qf3 Qxh4 36. Qg2 Qf6 37. f3 Rxg3 38. fxe4 Rxg2+ 39. Kxg2 Qg5+ 40.
Kf2 Qf6+ 41. Ke2 dxe4 42. Rxe4 Qb2+ 43. Kf3 Qxa3 44. Rd4 Qa6 45. Ke4 Qc8 46. Rd6
g6 47. Ke5 Kg7 48. e4 h5 49. Kd4 h4 50. e5 h3 51. Rf6 Qd8+ 52. Rd6 Qc8 53. Rf6
h2 54. Rf1 Qg4+ 55. Ke3 Qg1+ 56. Rf2 h1=Q 57. e6 Qe1+ 58. Re2 Qxe2+ 59. Kxe2
Qe4+ 60. Kd2 Qxe6 {White resigns} 0-1